 Dungeon Sprint DCSS version 0.29-a0-297-g7659ce593d (webtiles) character file.

Game seed: 4991052917921851151

1000000 namelastname112 the Skirmisher (level 1, -47/18 HPs)
             Began as a Demonspawn Monk on Mar 20, 2022.
             Was a Believer of Makhleb.
             Annihilated by a meat berserker
             ... wielding a +9 battleaxe
              (65 damage)
             ... in the Dungeon (Sprint VIII: "Arena of Blood").
             The game lasted 00:00:12 (10 turns).

namelastname112 the Skirmisher (Demonspawn Monk)      Turns: 10, Time: 00:00:13

Health: -47/18     AC:  2    Str: 11    XL:     1   Next: 0%
Magic:  1/1        EV: 12    Int: 11    God:    Makhleb [**....]
Gold:   0          SH:  0    Dex: 15    Spells: 0/0 levels left

rFire   . . .      SeeInvis .   j - +∞ Axe of Woe
rCold   . . .      Faith    .   (shield currently unavailable)
rNeg    . . .      Spirit   .   b - +0 robe
rPois   .          Reflect  .   (no helmet)
rElec   .          Harm     .   (no cloak)
rCorr   .          Rampage  .   (no gloves)
Will    .....      NoTele   +   (no boots)
Stlth   ++........              (no amulet)
HPRegen 0.06/turn               (no ring)
MPRegen 0.07/turn               (no ring)

@: no status effects
A: no striking features
a: Renounce Religion, Minor Destruction


You were in the Dungeon.
You worshipped Makhleb.
Makhleb was pleased with you.
You visited 1 branch

Inventory:

Hand Weapons
 a - a +0 hand axe
 j - the +∞ Axe of Woe (weapon)
   (You found it in the Dungeon)
Armour
 b - a +0 robe (worn)
Scrolls
 i - a scroll of blinking
Potions
 c - a potion of ambrosia
 d - a potion of curing
 e - a potion of heal wounds
 f - a potion of haste
 g - 2 potions of magic
 h - a potion of berserk rage


   Skills:
 + Level 3.0 Fighting
 + Level 2.6 Axes
 + Level 2.6 Dodging
 + Level 1.7 Stealth


You couldn't memorise any spells.
You didn't know any spells.
Your spell library was empty.

Dungeon Overview and Level Annotations

Branches:
Dungeon (1/1)

Altars:
Makhleb


Message History

Found the +∞ Axe of Woe!
Found four burning altars of Makhleb!
Found a staircase leading out of the dungeon!
No target in view!!!
j - the +∞ Axe of Woe
j - the +∞ Axe of Woe (weapon)
You hear a shout!!! x5
A bag of meat comes into view! It is wielding a +9 war axe!
You hear a shout!!! x2
You hear a shout!!! x5
There is a burning altar of Makhleb here!
You kneel at the altar of Makhleb!
Makhleb welcomes you!!!
You can now gain health from killing!
You can now harness Makhleb's destructive might!
You hear a shout!!! x9
A bag of meat comes into view! It is wielding a +9 war axe!
The bag of meat shouts!!!
You hear a shout!!! x5
A meat berserker comes into view! It is wielding a +9 BATTLEAXE!
The meat berserker shouts!!!
You hear a shout!!! x5
A bag of meat comes into view! It is wielding a +9 war axe!
You hear a shout!!! x2 3 bags of meat and 3 meat berserkers come into view!
The bag of meat shouts!!! x2; The meat berserker shouts!!!
The bag of meat shouts!!! x3; The meat berserker shouts!!!
You hear a shout!!! x10
A bag of meat comes into view! It is wielding a +9 war axe!
You hear a shout!!!
A meat berserker comes into view! It is wielding a +9 BATTLEAXE!
The meat berserker shouts!!!
You hear a shout!!! x8
The meat berserker rages!
You hear a shout!!! x5
You hear a shout!!! x9
You cut the bag of meat into ribbons!!!
You slaughter the bag of meat joyfully!
You annihilate the bag of meat!!!
Makhleb roars: ANNIHILATED!
You hear a shout!!! x10
A bag of meat comes into view! It is wielding a +9 war axe!
The meat berserker rages!
The meat berserker hits you with a +9 BATTLEAXE!!!!!!!!!
DANG rip

........o.
...........
.........
#.....o.# .
#.......# ...
.###.. ..o.###....
......###)OO......
......._@OO.......
....#.....#.......
. #_.<._#.......
#.....#......#
....._..........
......###......o..
.###.. ...###oo..
#.. ...# o... #..
..#


You could see 4 meat berserkers and 3 bags of meat.

Vanquished Creatures
  An orc (D)
1 creature vanquished.

Notes
Turn   | Place    | Note
-------+----------+-------------------------------------------
     0 | D        | Found the +∞ Axe of Woe
     0 | D        | namelastname112 the Demonspawn Monk began the quest for the
                  | Orb.
     0 | D        | Reached XP level 1. HP: 18/18 MP: 1/1
     2 | D        | Noticed a bag of meat
     4 | D        | Became a worshipper of Makhleb the Destroyer
     4 | D        | Reached * piety under Makhleb
     4 | D        | Reached ** piety under Makhleb
     5 | D        | Noticed a bag of meat
     6 | D        | Noticed a meat berserker
     6 | D        | Noticed a bag of meat
     7 | D        | Noticed a meat berserker
     7 | D        | Noticed a bag of meat
     7 | D        | Noticed a bag of meat
     7 | D        | Noticed a bag of meat
     7 | D        | Noticed a meat berserker
     7 | D        | Noticed a meat berserker
     7 | D        | Noticed a bag of meat
     8 | D        | Noticed a meat berserker
    10 | D        | Killed a bag of meat
    10 | D        | Noticed a bag of meat
    10 | D        | Annihilated by a meat berserker

Illustrated notes

Levels and vault maps discovered:
D:        meatsprint

Action                   || total
-------------------------++-------
Melee: Executioner's axe ||     1

Table legend: (Time is in decaauts)
 A = Elapsed time spent in this place.
 B = Non-inter-level travel time spent in this place.
 C = Inter-level travel time spent in this place.
 D = Time resting spent in this place.
 E = Time spent auto-exploring this place.
 F = Levels seen in this place.
 G = Mean time per level.
                   A        B        C        D        E       F      G
               +--------+--------+--------+--------+--------+-----+--------+
         Total |      9 |      9 |      0 |      0 |      0 |   1 |    9.0 |
       Dungeon |      9 |      9 |      0 |      0 |      0 |   1 |    9.0 |
               +--------+--------+--------+--------+--------+-----+--------+

Top non-repeatable levels by time:
       D: 9 daAuts
